 Dungeon Crawl Stone Soup version 0.30-a0-358-g0d69a1922f (webtiles) character file.

Game seed: 11778966928560090796

4 gamesnag the Sneak (level 1, -1/14 HPs)
             Began as an Octopode Brigand on Nov 8, 2022.
             Slain by a kobold
             ... wielding a +0 dagger
              (3 damage)
             ... on level 1 of the Dungeon.
             The game lasted 00:00:27 (64 turns).

gamesnag the Sneak (Octopode Brigand)                 Turns: 64, Time: 00:00:28

Health: -1/14      AC:  1    Str: 10    XL:     1   Next: 70%
Magic:  1/1        EV: 12    Int: 13    God:
Gold:   0          SH:  0    Dex: 13    Spells: 0/0 levels left

rFire   . . .      SeeInvis .    a - +2 dagger
rCold   . . .      Faith    .    (no shield)
rNeg    . . .      Spirit   .    (helmet restricted)
rPois   .          Reflect  .    (no amulet)
rElec   .          Harm     .    (no ring)
rCorr   .          Rampage  .    (no ring)
Will    .....                    (no ring)
Stlth   ++++......               (no ring)
HPRegen 0.22/turn                (no ring)
MPRegen 0.07/turn                (no ring)
                                 (no ring)
                                 (no ring)

@: no status effects
A: almost no armour, amphibious, 8 rings, camouflage 1, gelatinous body 1,
(nimble swimmer 1), tentacles
a: no special abilities


You were on level 1 of the Dungeon.
You visited 1 branch of the dungeon, and saw 1 of its levels.

Inventory:

Hand Weapons
 a - a +2 dagger (weapon)
Missiles
 b - 9 poisoned darts (quivered)
 c - 3 curare-tipped darts
Potions
 d - a potion of curing {unknown}


   Skills:
 + Level 2.0 Fighting
 + Level 2.0 Short Blades
 + Level 2.0 Throwing
 + Level 1.0 Dodging
 + Level 5.7 Stealth


You couldn't memorise any spells.
You didn't know any spells.
Your spell library was empty.

Dungeon Overview and Level Annotations

Branches:
Dungeon (1/15)

Altars:


Innate Abilities, Weirdness & Mutations

You cannot wear most types of armour.
You are amphibious.
You can wear up to eight rings at the same time.
Your skin changes colour to match your surroundings (Stealth+).
Your rubbery body absorbs attacks. (AC +1, EV +1)
((You are camouflaged when in or above water. (Stealth+)))
You have tentacles for arms and can constrict up to eight enemies at once.


Message History

You constrict the hobgoblin. The hobgoblin barely misses you.
You hit the hobgoblin.
You kill the hobgoblin!
There is a large open door here.
A quokka comes into view.
The helpless quokka fails to defend itself.
You impale the quokka!!
You kill the quokka!
You open the door.
A giant cockroach comes into view.
Found a robe.
There is an open door here.
A rat comes into view.
Found 7 gold pieces.
The giant cockroach bites you.
You see here a +0 robe.
A kobold comes into view. It is wielding a +0 dagger.
The kobold shouts!
The giant cockroach barely misses you.
The giant cockroach attacks as you move away!
The giant cockroach bites you. The kobold misses you.
The rat barely misses you.
The giant cockroach attacks as you move away!
The giant cockroach barely misses you. The rat bites you.
The kobold hits you but does no damage.
Found a stone staircase leading down.
The kobold closely misses you. The giant cockroach misses you.
The kobold attacks as you move away! The kobold hits you with a +0 dagger.
The rat attacks as you move away! The rat closely misses you.
The rat attacks as you move away! The rat bites you.
The kobold attacks as you move away! The kobold hits you with a +0 dagger.
The giant cockroach bites you. The kobold attacks as you move away!
The kobold hits you with a +0 dagger.
* * * LOW HITPOINT WARNING * * *
There is a stone staircase leading down here.
You hit the giant cockroach.
You kill the giant cockroach!
You hit the kobold but do no damage. You grab the kobold.
You constrict the kobold. The kobold hits you with a +0 dagger.
You die...

#.# ########## #.#
#........#####.#
#..............#
#..............#
#........$.....#
#..............###
'..[..........rK@#
#..............#.#
#........#####.#.#
#........... ..#.#
#.........######.#
#.........# ..#
#########.# #.# .#
#.#


You could see a kobold and a rat.

Vanquished Creatures
  A giant cockroach (D:1)
  A hobgoblin (D:1)
  A quokka (D:1)
  A rat (D:1)
4 creatures vanquished.

Notes
Turn   | Place    | Note
-------+----------+-------------------------------------------
     0 | D:1      | gamesnag the Octopode Brigand began the quest for the Orb.
     0 | D:1      | Reached XP level 1. HP: 14/14 MP: 1/1
    64 | D:1      | Slain by a kobold

Illustrated notes

Levels and vault maps discovered:
D:1:      reono_arrival_mine, layout_basic

Action                   || total
-------------------------++-------
Melee: Dagger            ||     9
       Constrict         ||     3
 Stab: Sleeping          ||     1
Armor: Skin              ||     1
Dodge: Dodged            ||     9

Table legend: (Time is in decaauts)
 A = Elapsed time spent in this place.
 B = Non-inter-level travel time spent in this place.
 C = Inter-level travel time spent in this place.
 D = Time resting spent in this place.
 E = Time spent auto-exploring this place.
 F = Levels seen in this place.
 G = Mean time per level.
                   A        B        C        D        E       F      G
               +--------+--------+--------+--------+--------+-----+--------+
         Total |     63 |     63 |      0 |      0 |      4 |   1 |   63.0 |
       Dungeon |     63 |     63 |      0 |      0 |      4 |   1 |   63.0 |
               +--------+--------+--------+--------+--------+-----+--------+

Top non-repeatable levels by time:
     D:1: 63 daAuts
